 Dungeon Crawl Stone Soup version 0.20-a0-700-gbd4582c (webtiles) character file.

711 pps the Ruffian (level 7, -2/67 HPs)
             Began as a Troll Fighter on Feb 20, 2017.
             Slain by a centaur (7 damage)
             ... on level 5 of the Dungeon.
             The game lasted 00:24:33 (3148 turns).

pps the Ruffian (Troll Fighter)                     Turns: 3148, Time: 00:24:33

Health: -2/67      AC:  5    Str: 27    XL:     7   Next: 40%
Magic:  6/6        EV:  9    Int:  4    God:
Gold:   217        SH:  9    Dex:  9    Spells: 6/6 levels left

rFire    . . .     SeeInvis .     - Unarmed
rCold    . . .     Gourm    +   b - +0 robe
rNeg     . . .     Faith    .   c - +0 shield
rPois    .         Spirit   .   (helmet restricted)
rElec    .         Reflect  .   (no cloak)
rCorr    .         Harm     .   (gloves unavailable)
MR       .....                  (boots unavailable)
Stlth    +.........             (no amulet)
Regen    0.7/turn               (no ring)
MPRegen  0.1/turn               (no ring)

@: no status effects
A: unfitting armour, claws 3, fast metabolism 3, gourmand, regeneration 1,
shaggy fur 1, tough skin 2
a: no special abilities


You were on level 5 of the Dungeon.
You were not hungry.

You visited 1 branch of the dungeon, and saw 5 of its levels.

You collected 217 gold pieces.

Inventory:

Hand Weapons
 a - a +0 long sword
 i - a +0 spear
 j - a +0 dagger
 o - a +0 rapier
 p - a +0 dagger
 t - a +0 arbalest
 A - a +0 blowgun
 H - a +2 hand axe of distortion
 K - a +0 spear
Missiles
 n - 10 bolts
 q - 10 arrows
 s - 8 tomahawks (quivered)
 y - 16 poisoned needles
Armour
 b - a +0 robe (worn)
 c - a +0 shield (worn)
 k - a +1 leather armour of poison resistance
 I - a +0 chain mail
Wands
 w - a wand of acid (4/15)
 x - a wand of flame (11/48)
 G - a wand of polymorph (10/24)
Scrolls
 e - 4 scrolls of identify
 h - 5 scrolls of remove curse
 l - 2 scrolls of fear {unknown}
 m - 2 scrolls of blinking {unknown}
 B - a scroll of teleportation {unknown}
 C - a scroll of enchant weapon {unknown}
 J - a scroll of enchant armour {unknown}
Potions
 d - a potion of might
 g - 2 potions of lignification
 r - a potion of flight {unknown}
 u - a potion of mutation {unknown}
 v - a potion of heal wounds {unknown}
 z - a potion of agility {unknown}
 F - 2 potions of curing {unknown}
Comestibles
 f - 5 bread rations
 D - 4 fruits
 E - a royal jelly


   Skills:
 + Level 3.2 Fighting
 + Level 1.9 Long Blades
 + Level 3.7 Dodging
 + Level 0.6 Stealth
 + Level 4.1 Shields
 + Level 4.9 Unarmed Combat


You had 6 spell levels left.
You didn't know any spells.

Dungeon Overview and Level Annotations

Branches:
Dungeon (5/15)
 Temple: D:4-7

Altars:
Fedhas
Kikubaaqudgha
Uskayaw
Xom
The Shining One


Innate Abilities, Weirdness & Mutations

You are too large for most types of armour.
You have claws for hands.
Your metabolism is lightning-fast.
You like to eat raw meat.
Your natural rate of healing is unusually fast.
You are covered in fur. (AC +1)
You have very tough skin. (AC +2)


Message History

You see here 2 arrows.
The centaur shoots an arrow.
The arrow hits you but does no damage.
You see here an arrow.
As you read the scroll labeled VIYGYZX BEUBBY, it crumbles to dust.
It is a scroll of identify.
g - 2 potions of lignification
As you read the scroll of identify, it crumbles to dust.
h - 5 scrolls of remove curse The centaur shoots an arrow.
The arrow hits you!
* * * LOW HITPOINT WARNING * * *
Unknown command.
Evoke which item? (* to show all) (? for menu, Esc to quit)
Aiming: Throw Flame (will waste charges)
Press: ? - help, Shift-Dir - straight line, f - centaur
Aim: a centaur, wielding a shortbow The puff of flame misses the centaur.
Evoking this partially-identified wand wasted a few charges.
The centaur unwields an uncursed shortbow.
The centaur hits you!
You die...

# ###### ##### #
###....###...#
######....####..@##
...#....######.(c#
##....###.....(.####
###..##...........###
##.##.......(.....##
#..#.........(.(..### .
##...........(...(..# ...
##...........(.(...##.....
##.............c.(†..?.(.


You could see a centaur.

Vanquished Creatures
  Sigmund (D:2)
  2 crimson imps (D:4)
  2 hounds
  A jelly (D:4)
  3 orc wizards
  A centaur skeleton (D:3)
  Crazy Yiuf (D:2)
  Jessica (D:2)
  A worker ant (D:3)
  A killer bee zombie (D:5)
  7 adders
  A gnoll (D:1)
  3 oozes
  An adder skeleton (D:4)
  A worm (D:3)
  3 dart slugs
  A leopard gecko (D:1)
  8 orcs
  3 ball pythons
  5 giant cockroaches
  8 goblins
  5 hobgoblins
  6 jackals
  6 quokkas
  7 bats
  6 frilled lizards
  9 kobolds
  A leopard gecko skeleton (D:4)
  4 rats (D:1)
99 creatures vanquished.

Notes
Turn   | Place    | Note
-------+----------+-------------------------------------------
     0 | D:1      | pps the Troll Fighter began the quest for the Orb.
     0 | D:1      | Reached XP level 1. HP: 22/22 MP: 0/0
    53 | D:1      | Reached XP level 2. HP: 29/29 MP: 1/1
   213 | D:1      | Reached XP level 3. HP: 36/36 MP: 2/2
   824 | D:2      | Reached skill level 1 in Unarmed Combat
   882 | D:2      | Found a runed door.
  1116 | D:2      | Reached XP level 4. HP: 42/44 MP: 3/3
  1151 | D:2      | Noticed Sigmund
  1171 | D:2      | Killed Sigmund
  1171 | D:2      | Reached XP level 5. HP: 27/52 MP: 4/4
  1323 | D:2      | Found a shimmering altar of Xom.
  1324 | D:2      | Noticed Jessica
  1328 | D:2      | Killed Jessica
  1446 | D:2      | Reached XP level 6. HP: 59/59 MP: 5/5
  1496 | D:2      | Noticed Crazy Yiuf
  1504 | D:2      | Killed Crazy Yiuf
  1637 | D:3      | Found a glowing golden altar of the Shining One.
  2059 | D:3      | Found an ancient bone altar of Kikubaaqudgha.
  2060 | D:3      | Found a blossoming altar of Fedhas.
  2367 | D:4      | Reached XP level 7. HP: 61/67 MP: 6/6
  2965 | D:5      | Entered Level 5 of the Dungeon
  3118 | D:5      | Found a hide-covered altar of Uskayaw.
  3148 | D:5      | Slain by a centaur

Vault maps used:
D:1:      dpeg_arrival_three_smaller_balls, grunt_decor_arrowhead,
          hangedman_decor_riveting
D:2:      lemuel_round_altar, uniq_crazy_yiuf_cottage, uniq_sigmund,
          uniq_jessica
D:3:      grunt_temple_overflow_growth_and_decay, overflow_temple_1_default,
          kennysheep_flooded_box
D:4:      corexii_leaking_fountain
D:5:      fiery_altar_vehumet, eat_drink_and_be_merry_uskayaw, okawaru_trees_2,
          first_bread, hangedman_abyss_or_decor_stabs

Skill      XL: |  1  2  3  4  5  6  7 |
---------------+----------------------+-----
Shields        | 3 4 |  4.1
Unarmed Combat | 1 2 3 4 |  4.9
Dodging        | 3 |  3.7
Fighting       | 3 |  3.2
Long Blades    | |  1.9
Stealth        | |  0.6

Action                   |  1- 3 |  4- 6 |  7- 9 || total
-------------------------+-------+-------+-------++-------
Melee: Long sword        |    55 |       |       ||    55
       Unarmed           |    98 |   146 |    62 ||   306
Evoke: Wand              |       |       |     1 ||     1
  Use: Scroll            |       |       |     2 ||     2
  Eat: Chunk             |     6 |    10 |     4 ||    20
       Meat ration       |     1 |       |       ||     1
       Royal jelly       |       |     1 |       ||     1
Armor: Robe              |    71 |    20 |    15 ||   106
Dodge: Dodged            |    58 |    37 |    14 ||   109
Block: Shield            |   105 |    61 |    36 ||   202
       Rpst.: Long sword |    10 |       |       ||    10
